 Dungeon Crawl Stone Soup version 0.26.1-2-gb8aa6d0cf2 (webtiles) character file.

Game seed: 4675360829388045741

71 Descartes the Changer (level 4, 0/24 HPs)
             Began as a Deep Elf Wanderer on Mar 28, 2021.
             Slain by an adder (4 damage)
             ... on level 3 of the Dungeon.
             The game lasted 00:08:18 (4544 turns).

Descartes the Changer (Deep Elf Wanderer)           Turns: 4544, Time: 00:08:19

Health: 0/24       AC:  4    Str: 10    XL:     4   Next: 5%
Magic:  11/11      EV: 11    Int: 24    God:
Gold:   180        SH:  0    Dex: 11    Spells: 2/10 levels left

rFire    + . .     SeeInvis +   i - -2 dagger (curse)
rCold    . . .     Faith    .   (no shield)
rNeg     . . .     Spirit   .   e - +0 robe
rPois    .         Reflect  .   (no helmet)
rElec    .         Harm     .   (no cloak)
rCorr    .         Rampage  .   c - +0 pair of gloves
Will     .....                  s - +0 pair of boots
Stlth    +.........             (no amulet)
HPRegen  0.08/turn              j - +6 ring of intelligence
MPRegen  0.12/turn              (no ring)

@: lethally poisoned (0 -> -1)
A: see invisible, clumsy 1, fire resistance 1
a: no special abilities


You were on level 3 of the Dungeon.
You visited 1 branch of the dungeon, and saw 3 of its levels.

You collected 180 gold pieces.

Inventory:

Hand Weapons
 a - a +2 dagger
 i - a cursed -2 dagger (weapon)
 n - a +0 hunting sling
Missiles
 b - 4 curare-tipped darts (quivered)
 f - 3 atropa-tipped darts
 h - 16 bolts
 k - 11 poisoned darts
 l - 59 stones
 m - 19 arrows
Armour
 c - a +0 pair of gloves (worn)
 e - a +0 robe (worn)
 s - a +0 pair of boots (worn)
Jewellery
 j - a +6 ring of intelligence (left hand)
Scrolls
 g - a scroll of fear
 o - a scroll of amnesia
 r - a scroll of magic mapping {unknown}
 t - a scroll of immolation {unknown}
Potions
 d - a potion of curing {unknown}
 p - a potion of lignification
 q - 2 potions of heal wounds


   Skills:
 - Level 2.0 Throwing
 + Level 3.6 Spellcasting
 + Level 2.0 Conjurations
 - Level 4.3 Transmutations
 + Level 1.9 Fire Magic
 - Level 3.2 Poison Magic


You had 2 spell levels left.
You knew the following spells:

 Your Spells              Type           Power        Failure   Level
a - Magic Dart            Conj           56%          4%          1
b - Foxfire               Conj/Fire      56%          4%          1
c - Blink                 Tloc           N/A          16%         2
d - Mephitic Cloud        Conj/Pois/Air  12%          14%         3
e - Sting                 Tmut/Pois      88%          2%          1

Your spell library contained the following spells:

 Spells                   Type           Power        Failure   Level
 Call Imp                 Summ           4%           16%         2
 Slow                     Hex            4%           16%         2
 Conjure Flame            Conj/Fire      14%          13%         3
 Stone Arrow              Conj/Erth      18%          21%         3


Dungeon Overview and Level Annotations

Branches:
Dungeon (3/15)

Altars:

Annotations:
D:3 Natasha, Terence


Innate Abilities, Weirdness & Mutations

You have supernaturally acute eyesight. (SInv)
You are clumsy. (Dex -2)
Your flesh is heat resistant. (rF+)


Message History

The crimson imp disappears in a puff of smoke!
Terence closely misses you. The adder barely misses you.
The white imp gestures at you. The puff of frost misses you.
Terence closely misses you. The adder closely misses you.
You feel sick.
The white imp disappears in a puff of smoke!
The crimson imp hits you. Terence looks scornfully at you.
Natasha wildly gestures.
You feel troubled.
You feel sick.
You hear a zap.
You hear a grinding noise.
Natasha claws you.
* * * LOW HITPOINT WARNING * * *
The crimson imp blinks!
You feel sick. The adder closely misses you.
You feel sick. The adder bites you.
You die...

#...##.....#.#..##.#<#
#..>####...........#.## #...#
##..#....####..# #...##
##.#....# #.# .....# ###.@..#
#.# #####.#### #....# #.#
#.......# ##...# #.# .
#.......#####...# #.#
..##><....@Sh..r@..#####.##
..............####.#.........
##..##.......## #.#######.##
#. #.......# #.# #.#. .
#.......# #.# #.#. ####.####
#>.. #.#. #.#####..... ..#.
#.......#... ###. ##........
#######)


You could see Terence, Natasha, an adder and a rat.

Vanquished Creatures
  2 adders
  2 oozes
  A worm (D:2)
  2 dart slugs
  3 leopard geckos (D:1)
  An orc (D:3)
  2 giant cockroaches (D:2)
  2 goblins
  3 hobgoblins
  4 jackals (D:2)
  A bat (D:3)
  A frilled lizard (D:1)
  7 kobolds
  3 rats
34 creatures vanquished.

Vanquished Creatures (others)
  153 foxfires
153 creatures vanquished.

Grand Total: 187 creatures vanquished

Notes
Turn   | Place    | Note
-------+----------+-------------------------------------------
     0 | D:1      | Descartes the Deep Elf Wanderer began the quest for the
                  | Orb.
     0 | D:1      | Descartes set off with the following items: a +2 dagger, 4
                  | curare-tipped darts, a +0 robe; and the following spells
                  | available to memorise: Sting, Foxfire, Mephitic Cloud,
                  | Stone Arrow
     0 | D:1      | Reached XP level 1. HP: 10/10 MP: 5/5
     2 | D:1      | Learned a level 1 spell: Sting
     4 | D:1      | Learned a level 1 spell: Foxfire
   822 | D:1      | Reached XP level 2. HP: 15/15 MP: 2/7
  1632 | D:1      | Reached skill level 1 in Conjurations
  1632 | D:1      | Reached skill level 1 in Fire Magic
  2244 | D:2      | Gained mutation: You are clumsy. (Dex -2) [potion of
                  | mutation]
  2244 | D:2      | Gained mutation: You have supernaturally acute eyesight.
                  | (SInv) [potion of mutation]
  2244 | D:2      | Gained mutation: Your flesh is heat resistant. (rF+)
                  | [potion of mutation]
  2430 | D:2      | Reached XP level 3. HP: 16/19 MP: 3/9
  4195 | D:3      | Learned a level 1 spell: Magic Dart
  4199 | D:3      | Learned a level 3 spell: Mephitic Cloud
  4202 | D:3      | Learned a level 2 spell: Blink
  4361 | D:3      | Reached XP level 4. HP: 24/24 MP: 2/11
  4516 | D:3      | Noticed Natasha
  4517 | D:3      | Noticed Terence
  4528 | D:3      | HP: 1/24 [adder (3)]
  4544 | D:3      | Slain by an adder

Illustrated notes

Levels and vault maps discovered:
D:1:      dpeg_arrival_rhombus, layout_basic
D:2:      layout_loops_ring
D:3:      layout_loops_ring, uniq_natasha, uniq_terence

Skill      XL: |  1  2  3 |
---------------+----------+-----
Spellcasting   | 2 3 |  3.6
Conjurations   | 1 2 |  2.0
Fire Magic     | 1 |  1.9
Throwing       | |  2.0
Transmutations | |  4.3
Poison Magic   | |  3.2

Action                   |  1- 3 |  4- 6 || total
-------------------------+-------+-------++-------
Melee: Short sword       |     1 |       ||     1
       Dagger            |    10 |     1 ||    11
 Cast: Foxfire           |   102 |    10 ||   112
       Sting             |     8 |       ||     8
       Magic Dart        |     3 |       ||     3
  Use: Scroll            |     7 |       ||     7
       Potion            |     1 |     1 ||     2
 Stab: Sleeping          |     1 |       ||     1
Armor: Robe              |    10 |     2 ||    12
Dodge: Dodged            |    23 |    17 ||    40
